[Event "FIDE Women World Blitz 2021"]
[Site "Warsaw"]
[Date "2021.12.29"]
[Round "3.10"]
[White "Zairbek kyzy, Begimai"]
[Black "Assaubayeva, Bibisara"]
[Result "0-1"]
[ECO "B22"]
[WhiteElo "1701"]
[BlackElo "2400"]
[Annotator "NA"]
[PlyCount "51"]
[EventDate "2021.12.29"]
[EventType "swiss"]
[EventCountry "POL"]
[Tiebreak "Cut1 Buchholz"]
[SourceTitle "playchess.com"]
[Source "ChessBase"]
[SourceQuality "1"]
[TimeControl "180+2"]

1. e4 c5 2. d4 cxd4 3. c3 Nf6 4. e5 Nd5 5. Nf3 Nc6 6. cxd4 d6 7. Bc4 e6 8. O-O Be7 9. Qe2 O-O 10. Nc3 Nxc3 11. bxc3 dxe5 12. dxe5 Qc7 13. Bf4 b6 14. Bd3 Bb7 15. Qe4 g6 16. Bh6 Rfd8 17.
Qe2 Na5 18. Rad1 Bxf3 19. Qxf3 Qxe5 20. Be4 Rac8 21. Rxd8+ Rxd8 22. Bf4 Qc5 23. Qg3 Bf6 24. h4 Qxc3 25. Bf3 Qc5 26. Rc1 0-1

[Event "FIDE Women World Blitz 2021"]
[Site "Warsaw"]
[Date "2021.12.29"]
[Round "3.11"]
[White "Bulmaga, Irina"]
[Black "Vantika Agrawal"]
[Result "0-1"]
[ECO "B90"]
[WhiteElo "2405"]
[BlackElo "2329"]
[Annotator "NA"]
[PlyCount "120"]
[EventDate "2021.12.29"]
[EventType "swiss"]
[EventCountry "POL"]
[Tiebreak "Cut1 Buchholz"]
[SourceTitle "playchess.com"]
[Source "ChessBase"]
[SourceQuality "1"]
[TimeControl "180+2"]

1. e4 c5 2. Nf3 d6 3. d4 cxd4 4. Nxd4 Nf6 5. Nc3 a6 6. h3 e5 7. Nb3 Be7 8. Be3 h6 9. Qe2 Qc7 10. O-O-O b5 11. a3 Bb7 12. f4 Nbd7 13.
Nd5 Nxd5 14. exd5 O-O 15. g4 exf4 16. Bxf4 Rfe8 17. Qd2 Nb6 18. Bg2 Nc4 19. Qd3 Bf6 20. Nd4 Qc5 21. c3 Rac8 22. Nc6 a5 23.
Rhe1 Ba6 24. Qc2 a4 25. Kb1 Qb6 26. Bc1 Bb7 27. Ka1 Qc5 28.
Nb4 Rcd8 29. Nc6 Bxc6 30. dxc6 Rxe1 31. Rxe1 d5 32. Rd1 Qxc6 33. Qf5 Nb6 34. Be3 Nc4 35. Bd4 Bxd4 36. Rxd4 Re8 37. Bxd5 Qc7 38. Re4 Rd8 39. Ka2 Nb6 40. Rd4 Nxd5 41. Qd3 Qc5 42. Qd2 Rd7 43. Qd3 Qc6 44. Qd2 Nb6 45. Qd3 Rxd4 46. Qxd4 Qc4+ 47. Qxc4 bxc4 48. Kb1 g6 49. Kc2 f5 50. gxf5 gxf5 51. Kd2 Kf7 52. Ke3 Ke6 53. Kd4 f4 54. Kc5 f3 55. Kxb6 f2 56. Kb5 f1=Q 57. Kxa4 Kd5 58. Kb4 Qb1 59. a4 Qxb2+ 60. Ka5 Kc5 0-1

[Event "FIDE Women World Blitz 2021"]
[Site "Warsaw"]
[Date "2021.12.29"]
[Round "3.11"]
[White "Kolaric, Spela"]
[Black "Szczotka, Klara"]
[Result "0-1"]
[ECO "E65"]
[WhiteElo "2178"]
[BlackElo "1584"]
[Annotator "NA"]
[PlyCount "135"]
[EventDate "2021.12.29"]
[EventType "swiss"]
[EventCountry "POL"]
[Tiebreak "Cut1 Buchholz"]
[SourceTitle "playchess.com"]
[Source "ChessBase"]
[SourceQuality "1"]
[TimeControl "180+2"]

1. Nf3 c5 2. g3 g6 3. Bg2 Bg7 4. O-O Nc6 5. c4 Nf6 6. Nc3 d6 7. d4 O-O 8. dxc5 dxc5 9. Be3 Nd7 10. Rc1 Rb8 11. Nd2 Nd4 12. Nb3 Nxb3 13.
Qxb3 b6 14. Rfd1 Bb7 15. Bh3 Bc6 16. Nd5 e6 17. Nc3 Qe7 18.
Bf4 e5 19. Be3 f5 20. Nd5 Qf7 21. Bg5 Nf6 22. Bg2 e4 23. Bf4 Rbd8 24. Nc7 Rd7 25. Nb5 Rfd8 26. Rxd7 Rxd7 27. Nc3 Qe6 28. Nd1 h6 29. h4 Nh5 30. Be3 Kh7 31. Qc2 Bd4 32. b3 Nf6 33. Bf4 Nh5 34. Bd2 Nf6 35.
Bc3 Ng4 36. Bxd4 cxd4 37. c5 b5 38. Qd2 Qe5 39. Qf4 Qxf4 40.
gxf4 Nf6 41. Kf1 Nd5 42. e3 d3 43. Ke1 Nb4 44. Kd2 Nxa2 45.
Nc3 Nxc3 46. Rxc3 Rd5 47. b4 Rd7 48. Ra3 Kg7 49. Ra6 Rc7 50.
Bf1 Kf6 51. f3 Ke6 52. fxe4 fxe4 53. Bh3+ Kd5 54. Kc3 Rf7 55.
Be6+ Kxe6 56. Rxc6+ Kf5 57. Rd6 Re7 58. c6 Rc7 59. Kd4 Rxc6 60.
Rxc6 d2 61. Rc5+ Kg4 62. Kxe4 d1=Q 63. Rxb5 Qc2+ 64. Ke5 Qd3 65. Rd5 Qxe3+ 66. Kd6 Qxf4+ 67. Kc5 Kxh4 68. Kc6 0-1

[Event "FIDE Women World Blitz 2021"]
[Site "Warsaw"]
[Date "2021.12.29"]
[Round "3.12"]
[White "Antolak, Julia"]
[Black "Injac, Teodora"]
[Result "1/2-1/2"]
[ECO "C77"]
[WhiteElo "2334"]
[BlackElo "2387"]
[Annotator "NA"]
[PlyCount "112"]
[EventDate "2021.12.29"]
[EventType "swiss"]
[EventCountry "POL"]
[Tiebreak "Cut1 Buchholz"]
[SourceTitle "playchess.com"]
[Source "ChessBase"]
[SourceQuality "1"]
[TimeControl "180+2"]

1. e4 e5 2. Nf3 Nc6 3. Bb5 a6 4. Ba4 Nf6 5. d3 d6 6. c3 g6 7. h3 Bg7 8. O-O O-O 9. Re1 h6 10. Nbd2 Re8 11. Nf1 b5 12. Bc2 a5 13. d4 Ba6 14. N3h2 Nh5 15. Be3 Bb7 16. d5 Ne7 17. Qd2 Nf4 18.
Bxf4 exf4 19. Qxf4 h5 20. Rab1 Nc8 21. Nf3 Nb6 22. Bd3 b4 23. Nd4 Rf8 24. Ng3 h4 25. Nf1 Na4 26. Qd2 Nc5 27. Bb5 Qf6 28. Nh2 Qe7 29. Qc2 Ba6 30. Bxa6 Rxa6 31. Rbd1 Rb6 32. cxb4 Rxb4 33. Nc6 Qg5 34. Nxb4 axb4 35. Nf3 Qf6 36. b3 Ra8 37. e5 Qf4 38. exd6 cxd6 39. Re2 Bf6 40. Rde1 Kg7 41. Qc4 Qxc4 42. bxc4 Bc3 43. Rb1 Ra4 44. Rc2 Ne4 45. Ne1 Nc5 46. Kf1 f5 47. Ke2 Kf6 48. Nd3 Nxd3 49. Kxd3 Ra3 50. Rb3 Ra7 51. Re2 Kf7 52. Re6 Rxa2 53. Rxd6 f4 54. Rd7+ Ke8 55. Rb7 Rxf2 56. c5 Rd2+ 1/2-1/2

[Event "FIDE Women World Blitz 2021"]
[Site "Warsaw"]
[Date "2021.12.29"]
[Round "3.12"]
[White "Parol, Pola"]
[Black "Kiolbasa, Oliwia"]
[Result "0-1"]
[ECO "C92"]
[WhiteElo "1823"]
[BlackElo "2403"]
[Annotator "NA"]
[PlyCount "115"]
[EventDate "2021.12.29"]
[EventType "swiss"]
[EventCountry "POL"]
[Tiebreak "Cut1 Buchholz"]
[SourceTitle "playchess.com"]
[Source "ChessBase"]
[SourceQuality "1"]
[TimeControl "180+2"]

1. e4 e5 2. Nf3 Nc6 3. Bb5 a6 4. Ba4 Nf6 5. O-O Be7 6. Re1 b5 7. Bb3 d6 8. c3 O-O 9. h3 Bb7 10. d4 Re8 11. a3 Bf8 12. Bg5 h6 13.
Bxf6 Qxf6 14. d5 Ne7 15. Nbd2 Ng6 16. Nf1 Nf4 17. Ng3 c6 18. dxc6 Bxc6 19. Re3 Rad8 20. Qd2 d5 21. exd5 Bxd5 22. Bxd5 Rxd5 23. Qc2 Bc5 24. Ree1 Nxh3+ 25. gxh3 Qxf3 26. Ne4 Red8 27. Qe2 Qxh3 28. Nxc5 Rxc5 29. Qe3 Qxe3 30. Rxe3 Rd2 31. b4 Rcd5 32. a4 Rd1+ 33. Rxd1 Rxd1+ 34. Kg2 f6 35. axb5 axb5 36. Kf3 Kf7 37. Ke2 Rd7 38. Re4 Ke6 39. Rg4 g5 40. Rg1 h5 41. Ra1 h4 42. Ra6+ Kf5 43.
Ra1 Ke4 44. f3+ Kf4 45. Rg1 f5 46. Rc1 h3 47. c4 bxc4 48.
Rxc4+ Rd4 49. Rc1 Rxb4 50. Rh1 g4 51. fxg4 fxg4 52. Rf1+ Kg3 53. Rg1+ Kh2 54. Rd1 g3 55. Kf3 g2 56. Rd2 Kh1 57. Re2 Rf4+ 58.
Ke3 0-1

[Event "FIDE Women World Blitz 2021"]
[Site "Warsaw"]
[Date "2021.12.29"]
[Round "3.13"]
[White "Kurmangaliyeva, Liya"]
[Black "Gaponenko, Inna"]
[Result "0-1"]
[ECO "B06"]
[WhiteElo "2222"]
[BlackElo "2339"]
[Annotator "NA"]
[PlyCount "112"]
[EventDate "2021.12.29"]
[EventType "swiss"]
[EventCountry "POL"]
[Tiebreak "Cut1 Buchholz"]
[SourceTitle "playchess.com"]
[Source "ChessBase"]
[SourceQuality "1"]
[TimeControl "180+2"]

1. e4 g6 2. d4 Bg7 3. Nc3 d6 4. f4 a6 5. Nf3 b5 6. Bd3 Bb7 7. a4 b4 8. Ne2 Nd7 9. Be3 c5 10. Ng3 cxd4 11. Nxd4 Ngf6 12. O-O O-O 13. Nb3 a5 14. Qe2 Qc7 15. Kh1 h5 16. Qf3 Ng4 17. Bd4 e5 18. fxe5 Ndxe5 19. Qe2 h4 20. Nf5 gxf5 21. Rxf5 Qe7 22. h3 Nh6 23. Rh5 Ng6 24. Be3 Bxe4 25. Bxh6 Bxd3 26. Qxd3 Bxh6 27. Rxh6 Qg5 28. Qd2 Qxd2 29. Nxd2 Rac8 30. Rc1 Rfe8 31. Nf3 Re2 32. Nxh4 Nf4 33. Rf6 Ne6 34. c3 Rxb2 35. Nf5 bxc3 36. Ne7+ Kg7 37. Nxc8 Kxf6 38. Rxc3 Ra2 39. Nb6 Nc5 40. Rc4 Ra1+ 41. Kh2 Rb1 42. Nd5+ Ke5 43. Nc3 Rb4 44. Rg4 Rxg4 45. hxg4 Kd4 46. Nb5+ Kd5 47. Nc3+ Kc4 48. Nb5 d5 49. Nd6+ Kb4 50. Nxf7 Kxa4 51. g5 Kb3 52. g6 Ne6 53. Ng5 Ng7 54. Nf3 a4 55. Kg3 a3 56. Nd2+ Kc2 0-1

[Event "FIDE Women World Blitz 2021"]
[Site "Warsaw"]
[Date "2021.12.29"]
[Round "3.13"]
[White "Brambilla, Renee Blandy T."]
[Black "Jakubowska, Anna"]
[Result "0-1"]
[ECO "D13"]
[WhiteElo "1651"]
[BlackElo "2106"]
[Annotator "NA"]
[PlyCount "57"]
[EventDate "2021.12.29"]
[EventType "swiss"]
[EventCountry "POL"]
[Tiebreak "Cut1 Buchholz"]
[SourceTitle "playchess.com"]
[Source "ChessBase"]
[SourceQuality "1"]
[TimeControl "180+2"]

1. d4 d5 2. c4 c6 3. Nc3 Nf6 4. cxd5 cxd5 5. Nf3 Nc6 6. Bf4 a6 7. e3 Bg4 8. h3 Bh5 9. Be2 e6 10. O-O Be7 11. Rc1 O-O 12. Nd2 Bxe2 13.
Nxe2 Rc8 14. Nb3 Ne4 15. f3 Nd6 16. Nc3 Nc4 17. Qe2 b5 18.
e4 dxe4 19. fxe4 Nxd4 20. Nxd4 Qxd4+ 21. Kh1 Rfd8 22. Rfd1 Qf6 23. Bh2 Bc5 24. e5 Qf2 25. Qxf2 Bxf2 26. Rxd8+ Rxd8 27. Rf1 Bd4 28. Re1 Nxb2 29. Re2 0-1

[Event "FIDE Women World Blitz 2021"]
[Site "Warsaw"]
[Date "2021.12.29"]
[Round "3.14"]
[White "Gaboyan, Susanna"]
[Black "Efimenko, Maria"]
[Result "0-1"]
[ECO "A04"]
[WhiteElo "2253"]
[BlackElo "2207"]
[Annotator "NA"]
[PlyCount "86"]
[EventDate "2021.12.29"]
[EventType "swiss"]
[EventCountry "POL"]
[Tiebreak "Cut1 Buchholz"]
[SourceTitle "playchess.com"]
[Source "ChessBase"]
[SourceQuality "1"]
[TimeControl "180+2"]

1. Nf3 d6 2. g3 g6 3. Bg2 Bg7 4. O-O e5 5. d3 Ne7 6. e4 O-O 7. Nc3 c6 8. h3 h6 9. Nh2 d5 10. f4 dxe4 11. Nxe4 exf4 12. Bxf4 Be6 13. Ng4 Nf5 14. Kh2 Na6 15. Be5 Bxe5 16. Nxe5 Qc7 17. Ng4 h5 18. Ngf6+ Kg7 19. Nxh5+ gxh5 20. Qxh5 f6 21. Rxf5 Bxf5 22. Qxf5 Nb4 23. Rf1 Nd5 24. Qg4+ Kh8 25. Rf5 Rf7 26. Qf3 Raf8 27. c4 Ne7 28. Rh5+ Kg7 29. Rh4 Ng6 30. Rg4 f5 31. Rxg6+ Kxg6 32. Nc3 Qe5 33. Ne2 Rg8 34. Nf4+ Kf6 35. Qh5 Rfg7 36. Qh6+ Ke7 37. d4 Qf6 38. Qh5 Rxg3 39. Qe2+ Kd7 40. Nh5 Rxg2+ 41. Qxg2 Rxg2+ 42. Kxg2 Qg5+ 43. Ng3 f4 0-1

[Event "FIDE Women World Blitz 2021"]
[Site "Warsaw"]
[Date "2021.12.29"]
[Round "3.15"]
[White "Atalik, Ekaterina"]
[Black "Semenova, Elena"]
[Result "0-1"]
[ECO "D32"]
[WhiteElo "2430"]
[BlackElo "2233"]
[Annotator "NA"]
[PlyCount "98"]
[EventDate "2021.12.29"]
[EventType "swiss"]
[EventCountry "POL"]
[Tiebreak "Cut1 Buchholz"]
[SourceTitle "playchess.com"]
[Source "ChessBase"]
[SourceQuality "1"]
[TimeControl "180+2"]

1. Nf3 d5 2. e3 Nf6 3. c4 c5 4. d4 Nc6 5. Nc3 e6 6. cxd5 exd5 7. Bb5 Bd6 8. dxc5 Bxc5 9. O-O O-O 10. h3 Be6 11. b3 Rc8 12. Bb2 a6 13.
Be2 Qd7 14. Rc1 Qe7 15. Na4 Ba7 16. Bxf6 Qxf6 17. Nc5 Qe7 18. Nxe6 Qxe6 19. Bd3 h6 20. Bb1 Ne5 21. Nd4 Qf6 22. Qh5 Bxd4 23. exd4 Nc6 24. Qxd5 Qxd4 25. Qxd4 Nxd4 26. Rxc8 Rxc8 27. Rd1 Rd8 28. Kf1 Kf8 29. Be4 b6 30. b4 Ke7 31. a4 f5 32. Bb7 a5 33. bxa5 bxa5 34. Ba6 Kf6 35.
Bc4 Ke5 36. g3 g5 37. Bf7 f4 38. gxf4+ gxf4 39. Rc1 Nf5 40. Rc5+ Kf6 41. Bd5 f3 42. Bxf3 Nd4 43. Be4 Nb3 44. Rb5 Nd2+ 45. Ke2 Nxe4 46. Rxa5 Rd4 47. Ke3 Rb4 48. Ra6+ Kg7 49. a5 Ra4 0-1

[Event "FIDE Women World Blitz 2021"]
[Site "Warsaw"]
[Date "2021.12.29"]
[Round "3.16"]
[White "Stefanova, Antoaneta"]
[Black "Nomin-Erdene, Davaademberel"]
[Result "0-1"]
[ECO "A04"]
[WhiteElo "2475"]
[BlackElo "2188"]
[Annotator "ChessBase"]
[PlyCount "65"]
[EventDate "2021.12.29"]
[EventType "swiss"]
[EventCountry "POL"]
[Tiebreak "Cut1 Buchholz"]
[SourceTitle "playchess.com"]
[Source "ChessBase"]
[SourceQuality "1"]
[TimeControl "180+2"]

1. Nf3 f5 2. d3 d6 3. e4 e5 4. Nc3 Nc6 5. Bg5 Be7 6. h4 Nf6 7. Nd5 Be6 8.
Nxe7 Qxe7 9. exf5 Bxf5 10. Nd2 h6 11. Bxf6 Qxf6 12. g4 Be6 13.
Bg2 Qf4 14. Bxc6+ bxc6 15. Rg1 Rf8 16. Qe2 Qh2 17. O-O-O Qxf2 18. Qe4 Bd5 19. Qb4 Kd7 20. g5 Rab8 21. Qa4 h5 22. Rgf1 Qe3 23.
Rfe1 Qb6 24. Qa3 Qb4 25. Qxb4 Rxb4 26. c4 Be6 27. Re4 Rbb8 28. d4 exd4 29. Rxd4 Rf2 30. b3 Bf5 31. Kb2 Re8 32. Ka3 Ree2 33. c5 0-1

[Event "FIDE Women World Blitz 2021"]
[Site "Warsaw"]
[Date "2021.12.29"]
[Round "3.17"]
[White "Badelka, Olga"]
[Black "Kosteniuk, Alexandra"]
[Result "0-1"]
[ECO "E44"]
[WhiteElo "2188"]
[BlackElo "2518"]
[Annotator "ChessBase"]
[PlyCount "109"]
[EventDate "2021.12.29"]
[EventType "swiss"]
[EventCountry "POL"]
[Tiebreak "Cut1 Buchholz"]
[SourceTitle "playchess.com"]
[Source "ChessBase"]
[SourceQuality "1"]
[TimeControl "180+2"]

1. d4 Nf6 2. c4 e6 3. Nc3 Bb4 4. e3 b6 5. Nge2 Ne4 6. Qc2 Bb7 7. a3 Bxc3+ 8.
Nxc3 Nxc3 9. Qxc3 d6 10. Bd3 Qg5 11. Bd2 Qxg2 12. O-O-O Qxf2 13. Rhg1 g6 14. e4 Nc6 15. d5 Ne5 16. Bc2 O-O-O 17. h3 Qe2 18.
b3 f5 19. dxe6 Bxe4 20. Bxe4 Qxe4 21. Bg5 Rde8 22. Rge1 Qc6 23. Bf6 Rhf8 24. Bxe5 dxe5 25. Qxe5 Re7 26. Rd3 Rfe8 27. Rde3 Rxe6 28. Qxe6+ Rxe6 29. Rxe6 Qf3 30. R1e3 Qf2 31.
Re8+ Kb7 32. Rc3 f4 33. Rf8 Qd4 34. Kc2 Qe4+ 35. Kb2 Qe2+ 36. Kc1 g5 37. Rf7 h5 38. Rf5 Qf1+ 39. Kb2 g4 40. hxg4 hxg4 41. c5 Qg2+ 42. Rc2 Qe4 43. c6+ Ka6 44. Rf7 f3 45. Kb1 Qe1+ 46. Kb2 Qe5+ 47. Kb1 Qd5 48. Rxc7 Qxb3+ 49. Kc1 Qe3+ 50. Kb1 Qe1+ 51. Ka2 Qe6+ 52. Kb1 f2 53. Rxf2 Qe1+ 54. Kc2 Qxf2+ 55. Kc3 0-1

[Event "FIDE Women World Blitz 2021"]
[Site "Warsaw"]
[Date "2021.12.29"]
[Round "3.18"]
[White "Michna, Marta"]
[Black "Babiy, Olga"]
[Result "0-1"]
[ECO "D00"]
[WhiteElo "2312"]
[BlackElo "2179"]
[Annotator "NA"]
[PlyCount "103"]
[EventDate "2021.12.29"]
[EventType "swiss"]
[EventCountry "POL"]
[Tiebreak "Cut1 Buchholz"]
[SourceTitle "playchess.com"]
[Source "ChessBase"]
[SourceQuality "1"]
[TimeControl "180+2"]

1. d4 d5 2. Bf4 c5 3. e3 Nc6 4. c3 Qb6 5. Qb3 c4 6. Qc2 e5 7. dxe5 Bf5 8.
Qc1 g5 9. Bg3 h5 10. h4 g4 11. Ne2 Bg7 12. Nd4 Nge7 13. Nd2 Bxe5 14. Nxf5 Nxf5 15. Bxe5 Nxe5 16. Qc2 Nd6 17. O-O-O O-O-O 18. g3 f5 19. Bg2 Ne4 20. Nxe4
fxe4 21. Rd4 Rhf8 22. Rf1 Nd3+ 23. Kb1 Rf6 24. Bxe4 dxe4 25. Rxc4+ Kb8 26. Rxe4 Rf5 27. Rd4 Rxd4 28. exd4 Rf3 29. Qe2 a6 30. b3 Qc6 31. c4 Qg6 32. Ka1 Qf6 33. Qe8+ Ka7 34. Qe4 Nxf2 35. Qd5 Rf5 36. Qg2 Qxd4+ 37. Kb1 Qd3+ 38. Ka1 Qc3+ 39. Kb1 Qd3+ 40. Ka1 Qe3 41. Qg1 Rf3 42. Kb1 Qd3+ 43. Ka1 Qc3+ 44. Kb1 Qe3 45. Ka1 a5 46. Re1 Qd4+ 47. Kb1 Ka6 48. Re6+ b6 49. c5 Qd3+ 50. Ka1 Qc3+ 51. Kb1 Qxc5 52. Qf1+ 0-1

[Event "FIDE Women World Blitz 2021"]
[Site "Warsaw"]
[Date "2021.12.29"]
[Round "3.19"]
[White "Maisuradze, Nino"]
[Black "Paehtz, Elisabeth"]
[Result "0-1"]
[ECO "B07"]
[WhiteElo "2175"]
[BlackElo "2485"]
[Annotator "ChessBase"]
[PlyCount "72"]
[EventDate "2021.12.29"]
[EventType "swiss"]
[EventCountry "POL"]
[Tiebreak "Cut1 Buchholz"]
[SourceTitle "playchess.com"]
[Source "ChessBase"]
[SourceQuality "1"]
[TimeControl "180+2"]

1. d4 g6 2. Nf3 Bg7 3. e4 d6 4. c3 Nf6 5. Bd3 Nc6 6. O-O O-O 7. h3 e5 8. Be3 Nh5 9. Qd2 Bd7 10. a4 Qe7 11. a5 a6 12. b4 Kh8 13.
Na3 exd4 14. Nxd4 Nf6 15. Bg5 Rae8 16. Rae1 Kg8 17. Nac2 Ne5 18. c4 c5 19. bxc5 dxc5 20. Nb3 Ba4 21. Nc1 Rd8 22. Qc3 h6 23. Bh4 g5 24. Bg3 Nh5 25. Qa3 Nxd3 26. Qxa4 Nxe1 27. Rxe1 Nxg3 28. fxg3 Qe5 29. Kh2 Qc3 30. Ne2 Qd2 31. Ng1 Qc3 32. Re2 Rd2 33. Rxd2 Qxd2 34. Nf3 Qd3 35. e5 Qe4 36. Qd7 Qxc2 0-1

[Event "FIDE Women World Blitz 2021"]
[Site "Warsaw"]
[Date "2021.12.29"]
[Round "3.20"]
[White "Bodnaruk, Anastasia"]
[Black "Sliwicka, Alicja"]
[Result "1-0"]
[ECO "B20"]
[WhiteElo "2396"]
[BlackElo "2303"]
[Annotator "NA"]
[PlyCount "73"]
[EventDate "2021.12.29"]
[EventType "swiss"]
[EventCountry "POL"]
[Tiebreak "Cut1 Buchholz"]
[SourceTitle "playchess.com"]
[Source "ChessBase"]
[SourceQuality "1"]
[TimeControl "180+2"]

1. e4 c5 2. b3 d6 3. Bb2 Nf6 4. Nc3 e6 5. f4 Nc6 6. Nf3 Be7 7. Bb5 Bd7 8. d3 a6 9. Bxc6 Bxc6 10. O-O b5 11. Qe2 O-O 12. Nd1 c4 13. Ne3 cxd3 14. cxd3 d5 15.
e5 Nd7 16. f5 exf5 17. Nxf5 Nc5 18. Rac1 b4 19. Nxe7+ Qxe7 20. Bd4 Nxd3 21. Rxc6 Nf4 22. Qd2 Ne6 23. Rfc1 a5 24. Bc5 Nxc5 25. R6xc5 a4 26. Rxd5 axb3 27. axb3 Ra3 28. Rd1 h6 29. Rd8 Qa7+ 30. Qf2 Qc7 31. Rxf8+ Kxf8 32. Nd4 Qb7 33. Ne6+ Kg8 34. Rd8+ Kh7 35. Qf5+ g6 36. Rh8+ Kxh8 37. Qf6+ 1-0

[Event "FIDE Women World Blitz 2021"]
[Site "Warsaw"]
[Date "2021.12.29"]
[Round "3.21"]
[White "Bivol, Alina"]
[Black "Dzagnidze, Nana"]
[Result "0-1"]
[ECO "B51"]
[WhiteElo "2377"]
[BlackElo "2524"]
[Annotator "ChessBase"]
[PlyCount "72"]
[EventDate "2021.12.29"]
[EventType "swiss"]
[EventCountry "POL"]
[Tiebreak "Cut1 Buchholz"]
[SourceTitle "playchess.com"]
[Source "ChessBase"]
[SourceQuality "1"]
[TimeControl "180+2"]

1. e4 c5 2. Nf3 d6 3. Bb5+ Nd7 4. a4 Ngf6 5. Nc3 g6 6. O-O Bg7 7. Re1 O-O 8. a5 a6 9. Bf1 e6 10. d3 Nb8 11. e5 dxe5 12. Nxe5 Nfd7 13. Bf4 Nxe5 14. Bxe5 Nc6 15. Bxg7 Kxg7 16. Ne4 Nxa5 17. Nxc5 Nc6 18. Qd2 b6 19. Qc3+ Qd4 20. Ne4 Qxc3 21. Nxc3 Rd8 22. g3 Nd4 23. Bg2 Ra7 24. Rac1 Rc7 25. h4 Bb7 26. Bxb7 Rxb7 27. Kg2 Rc7 28. Re4 f5 29. Ree1 Kf6 30. f3 b5 31. g4 b4 32. Ne2 Rxc2 33. Rxc2 Nxc2 34. Rc1 b3 35. d4 h6 36. Rf1 Ne3+ 0-1

[Event "FIDE Women World Blitz 2021"]
[Site "Warsaw"]
[Date "2021.12.29"]
[Round "3.22"]
[White "Abdumalik, Zhansaya"]
[Black "Kovanova, Baira"]
[Result "1-0"]
[ECO "C90"]
[WhiteElo "2507"]
[BlackElo "2331"]
[Annotator "ChessBase"]
[PlyCount "113"]
[EventDate "2021.12.29"]
[EventType "swiss"]
[EventCountry "POL"]
[Tiebreak "Cut1 Buchholz"]
[SourceTitle "playchess.com"]
[Source "ChessBase"]
[SourceQuality "1"]
[TimeControl "180+2"]

1. e4 e5 2. Nf3 Nc6 3. Bb5 a6 4. Ba4 Nf6 5. O-O Be7 6. Re1 b5 7. Bb3 Bb7 8. d3 d6 9. c3 O-O 10. Nbd2 Na5 11. Bc2 c5 12. Nf1 Nc6 13. Ng3 Re8 14. a4 h6 15. h3 Bf8 16. Bb3 d5 17. Ba2 dxe4 18.
Nxe4 Nxe4 19. dxe4 c4 20. Be3 Qc7 21. b3 cxb3 22. Qxb3 Na5 23. Qc2 Nc4 24. Bc1 Bc5 25. Bxc4 bxc4 26. Qe2 Rac8 27. Nh4 Qb6 28. Nf5 Re6 29. Be3 Bxe3 30. Qxe3 Qxe3 31. Rxe3 Rd8 32. Rb1 Bc6 33. Rb4 Rd1+ 34. Kh2 Rd3 35. Rxc4 Rxe3 36. Nxe3 g6 37. f3 Rd6 38. a5 Bb5 39. Rc5 f6 40. Nd5 Kf7 41. Rc7+ Rd7 42. Rc8 h5 43. h4 Rb7 44. c4 Bd7 45. Rc5 Be6 46. Nb6 Re7 47. Rc6 f5 48.
c5 fxe4 49. fxe4 Bb3 50. Rc8 Bc2 51. Nd5 Re8 52. Rc7+ Ke6 53. Rc6+ Kd7 54. Rxa6 Rb8 55. Rxg6 Rb2 56. c6+ Kd8 57. Rg8# 1-0

[Event "FIDE Women World Blitz 2021"]
[Site "Warsaw"]
[Date "2021.12.29"]
[Round "3.23"]
[White "Rakhmangulova, Anastasiya"]
[Black "Zhukova, Natalia"]
[Result "0-1"]
[ECO "C55"]
[WhiteElo "2174"]
[BlackElo "2331"]
[Annotator "NA"]
[PlyCount "78"]
[EventDate "2021.12.29"]
[EventType "swiss"]
[EventCountry "POL"]
[Tiebreak "Cut1 Buchholz"]
[SourceTitle "playchess.com"]
[Source "ChessBase"]
[SourceQuality "1"]
[TimeControl "180+2"]

1. e4 e5 2. Nc3 Nf6 3. Bc4 Nc6 4. d3 Na5 5. Nf3 Nxc4 6. dxc4 d6 7. O-O Be7 8. h3 O-O 9. b3 h6 10. a4 c6 11. Re1 Nh7 12. c5 dxc5 13.
Bb2 Qxd1 14. Raxd1 f6 15. Nh4 Kf7 16. Ne2 Ng5 17. Ng3 g6 18.
Rf1 Ne6 19. Ne2 Nd4 20. Nxd4 cxd4 21. f4 Kg7 22. f5 g5 23. Ng6 Re8 24. Nxe7 Rxe7 25. c3 c5 26. cxd4 exd4 27. Rfe1 b6 28. Kf2 Bb7 29. e5 Rxe5 30.
Rxe5 fxe5 31. g4 e4 32. b4 e3+ 33. Ke2 Ba6+ 34. Ke1 Kf7 35.
bxc5 bxc5 36. Ba3 Rc8 37. Rc1 c4 38. Rd1 d3 39. Rc1 d2+ 0-1

[Event "FIDE Women World Blitz 2021"]
[Site "Warsaw"]
[Date "2021.12.29"]
[Round "3.24"]
[White "Zawadzka, Jolanta"]
[Black "Movsesian, Julia"]
[Result "1-0"]
[ECO "B07"]
[WhiteElo "2429"]
[BlackElo "2322"]
[Annotator "NA"]
[PlyCount "121"]
[EventDate "2021.12.29"]
[EventType "swiss"]
[EventCountry "POL"]
[Tiebreak "Cut1 Buchholz"]
[SourceTitle "playchess.com"]
[Source "ChessBase"]
[SourceQuality "1"]
[TimeControl "180+2"]

1. e4 d6 2. d4 Nf6 3. Nc3 e5 4. dxe5 dxe5 5. Qxd8+ Kxd8 6. Bc4 Ke8 7. Bg5 Bd6 8. O-O-O a6 9. Bxf6 gxf6 10. Nd5 Nd7 11. Ne2 b5 12. Bb3 a5 13. a3 Nc5 14. Nxf6+ Ke7 15. Nd5+ Kf8 16. Ng3 Nxb3+ 17. cxb3 Be6 18. Rd3 a4 19. bxa4 Rxa4 20. Rhd1 Rg8 21. Kb1 Rxg3 22. Rxg3 Rxe4 23. Nf6 Rc4 24. Nxh7+ Ke7 25. Ng5 Bf5+ 26. Ka1 b4 27. Re1 bxa3 28. bxa3 f6 29. Nh3 Bc5 30. Rf3 Bd4+ 31. Ka2 Be6 32. Kb1 Bd5 33. Rd3 Kf7 34. f3 Rc6 35. a4 Rb6+ 36. Kc1 c5 37. Rd2 c4 38. Nf2 c3 39. Rc2 Bb3 40. Nd3 Bxa4 41. Ra2 Bb3 42.
Ra3 Bc4 43. Kc2 Rb7 44. Rea1 Kg6 45. Ra4 Bb3+ 46. Kc1 Bxa4 47. Rxa4 Kf5 48. Kc2 Rh7 49. h3 e4 50. Rxd4 exd3+ 51. Rxd3 Re7 52. Kxc3 Re2 53. Rd2 Re3+ 54. Kd4 Re7 55. Rb2 Rd7+ 56. Ke3 Re7+ 57. Kf2
Rc7 58. Rb5+ Kg6 59. g4 Rc3 60. Kg3 Ra3 61. h4 1-0

[Event "FIDE Women World Blitz 2021"]
[Site "Warsaw"]
[Date "2021.12.29"]
[Round "3.25"]
[White "Berend, Elvira"]
[Black "Salimova, Nurgyul"]
[Result "0-1"]
[ECO "D03"]
[WhiteElo "2328"]
[BlackElo "2353"]
[Annotator "NA"]
[PlyCount "41"]
[EventDate "2021.12.29"]
[EventType "swiss"]
[EventCountry "POL"]
[Tiebreak "Cut1 Buchholz"]
[SourceTitle "playchess.com"]
[Source "ChessBase"]
[SourceQuality "1"]
[TimeControl "180+2"]

1. d4 Nf6 2. Nf3 d5 3. Bg5 c6 4. Bxf6 exf6 5. e3 Bd6 6. g3 Qb6 7. Qc1 Bg4 8. Bg2 Qa6 9. Nbd2 Nd7 10. a3 O-O 11. c4 dxc4 12. Nxc4 Bc7 13. O-O Qb5 14. h3 Be6 15. Nfd2 Qh5 16. Nf3 Bxh3 17. Ncd2 f5 18. Qc2 Nf6 19. Bxh3 Qxh3 20. Ng5 Qh5 21. Ngf3 0-1

[Event "FIDE Women World Blitz 2021"]
[Site "Warsaw"]
[Date "2021.12.29"]
[Round "3.26"]
[White "Maltsevskaya, Aleksandra"]
[Black "Nur-Mukhametova, Alisa"]
[Result "1-0"]
[ECO "B55"]
[WhiteElo "2411"]
[BlackElo "2225"]
[Annotator "NA"]
[PlyCount "105"]
[EventDate "2021.12.29"]
[EventType "swiss"]
[EventCountry "POL"]
[Tiebreak "Cut1 Buchholz"]
[SourceTitle "playchess.com"]
[Source "ChessBase"]
[SourceQuality "1"]
[TimeControl "180+2"]

1. e4 c5 2. Nf3 d6 3. d4 cxd4 4. Nxd4 Nf6 5. f3 e5 6. Nb3 a5 7. Nc3 a4 8. Nd2 d5 9. exd5 Nxd5 10. Nde4 Nxc3 11. Qxd8+ Kxd8 12. Nxc3 a3 13. Bc4 f6 14. bxa3 Bxa3 15. Bxa3 Rxa3 16.
O-O-O+ Bd7 17. Rd3 Nc6 18. Kb2 Ra5 19. Rhd1 Nd4 20. Ne2 Kc7 21. Nxd4 exd4 22. Rxd4 Bc6 23. Re1 Re5 24. Red1 Rhe8 25. R1d2 R8e7 26. Bd3 h6 27. Rc4 Kb8 28. Rb4 Kc7 29. a4 Rd7 30. Kc3 Ra5 31. Bb5 Rxd2 32. Kxd2 Bxb5 33. axb5 Kb6 34. Re4 Rxb5 35. Re7 Rg5 36. g4 h5 37. h3 hxg4 38. fxg4 Kc6 39. Ke3 b6 40. Kf4 Kd6 41. Rb7 Kc6 42. Rf7 Kd6 43. h4 Rg6 44. Kf5 Rh6 45. h5 Rh8 46. Rxg7 Rc8 47. Rb7 Rc5+ 48. Kxf6 Kc6 49. Rb8 Kc7 50. Re8 Rxc2 51. h6 Rc6+ 52. Kg7 Rc4 53. g5 1-0